 Dungeon Crawl Stone Soup version 0.20-a0-792-g09bcfd3 (webtiles) character file.

3818 norskknight the Cleaver (level 9, -3/83 HPs)
             Began as a Minotaur Berserker on Feb 28, 2017.
             Was a High Priest of Trog.
             Killed from afar by an electric eel (12 damage)
             ... with a bolt of electricity
             ... on level 8 of the Dungeon.
             The game lasted 00:22:10 (5751 turns).

norskknight the Cleaver (Minotaur Berserker)        Turns: 5751, Time: 00:22:10

Health: -3/83      AC: 18    Str: 27    XL:     9   Next: 97%
Magic:  8/8        EV: 11    Int:  4    God:    Trog [*****.]
Gold:   420        SH:  0    Dex: 10    Spells: 8/8 levels left

rFire    + + .     SeeInvis .   x - +2 hand axe (chop)
rCold    . . .     Gourm    .   h - +1 plate armour
rNeg     . . .     Faith    .   (no shield)
rPois    .         Spirit   .   e - +2 hat
rElec    .         Reflect  .   j - +0 cloak
rCorr    +         Harm     .   (no gloves)
MR       ++...                  (no boots)
Stlth    ..........             (no amulet)
Regen    1.3/turn               z - ring of protection from fire
MPRegen  0.2/turn               w - ring of resist corrosion

@: regenerating
A: retaliatory headbutt, horns 2, talons 1, fire resistance 1, strong 1, sturdy
frame 1
a: Berserk, Trog's Hand, Brothers in Arms, Burn Spellbooks, Renounce Religion


You were on level 8 of the Dungeon.
You worshipped Trog.
Trog was extremely pleased with you.
You were very hungry.

You visited 2 branches of the dungeon, and saw 9 of its levels.

You collected 420 gold pieces.

Inventory:

Hand Weapons
 a - a +0 hand axe
 p - a +1 mace of holy wrath
 u - a +0 scythe
 x - a +2 hand axe of chopping (weapon)
 E - a +3 hand axe
Armour
 b - a +0 animal skin
 e - a +2 hat (worn)
 h - a +1 plate armour (worn)
 j - a +0 cloak (worn)
 J - a +0 pair of boots
Magical Staves
 g - an uncursed staff of conjuration
Jewellery
 n - an uncursed ring of loudness
 w - a ring of resist corrosion (left hand)
 z - a ring of protection from fire (right hand)
Wands
 v - a wand of digging (20/24)
 G - a wand of lightning (4/15)
 L - a wand of confusion (26/48)
Scrolls
 m - 3 scrolls of identify
 o - 5 scrolls of teleportation
 B - a scroll of remove curse
 I - a scroll of brand weapon {unknown}
 M - 2 scrolls of amnesia {unknown}
Potions
 d - a potion of brilliance
 f - 3 potions of haste {unknown}
 l - 2 potions of agility {unknown}
 q - 4 potions of might {unknown}
 s - 2 potions of curing
 t - a potion of heal wounds {unknown}
 A - a potion of resistance {unknown}
 D - 2 potions of mutation {unknown}
 F - a potion of degeneration {unknown}
 H - a potion of flight {unknown}
Books
 y - a book of Necromancy

   Spells                             Type                      Level
   a - Pain                           Necromancy                   1
   b - Animate Skeleton               Necromancy                   1
   c - Vampiric Draining              Necromancy                   3
   d - Regeneration                   Charms/Necromancy            3
   e - Animate Dead                   Necromancy                   4
   f - Control Undead                 Necromancy                   4
   Trog disapproves of the use of such an item.
 C - a book of Battle

   Spells                             Type                      Level
   a - Infusion                       Charms                       1
   b - Shroud of Golubria             Charms/Translocation         2
   c - Song of Slaying                Charms                       2
   d - Spectral Weapon                Hexes/Charms                 3
   e - Regeneration                   Charms/Necromancy            3
   Trog disapproves of the use of such an item.
Comestibles
 c - 8 bread rations
 i - 3 meat rations
 k - 7 fruits
 r - a royal jelly


   Skills:
 + Level 9.1 Fighting
 + Level 9.3 Axes
 + Level 9.0 Armour
 + Level 8.4 Dodging


You had 8 spell levels left.
You didn't know any spells.

Dungeon Overview and Level Annotations

Branches:
Dungeon (8/15)             Temple (1/1) D:5
   Lair: D:8-11

Altars:
Ashenzari
Cheibriados
Dithmenos
Elyvilon
Gozag
Hepliaklqana
Nemelex Xobeh
Okawaru
Qazlal
Ru
Sif Muna
Uskayaw
Vehumet
Wu Jian
Xom
Yredelemnul
Zin
The Shining One

Shops:
D:4 :


Innate Abilities, Weirdness & Mutations

You reflexively headbutt those who attack you in melee.
You have a pair of horns on your head.
You have sharp toenails.
Your flesh is heat resistant. (rF+)
Your muscles are strong. (Str +2)
Your movements are slightly less encumbered by armour. (ER -2)


Message History

The bolt of electricity hits you!
Your plate armour prevents you from hitting the electric eel.
Your kick misses the electric eel.
The electric eel is moderately wounded.
The electric eel shoots out a bolt of lightning at you!
The bolt of electricity hits you!
The electric eel shoots out a bolt of lightning at you!
The bolt of electricity hits you!
The electric eel shoots out a bolt of lightning at you!
The bolt of electricity hits you!
The electric eel shoots out a bolt of lightning at you!
The bolt of electricity hits the electric eel.
The electric eel completely resists.
The bolt of electricity hits you!
* * * LOW HITPOINT WARNING * * *
The electric eel shoots out a bolt of lightning at you!
The bolt of electricity hits you!
* * * LOW HITPOINT WARNING * * *
The electric eel shoots out a bolt of lightning at you!
The bolt of electricity hits you!
You die...

....≈≈%.≈≈≈.......
....≈≈≈;≈.........
....[...;.........
..........).......
..................
#............####.
#...............
#..##............
..#.###@..............#
......................#
.#######..............##
#..............#.
#............. #.
####........# #.
#........####.
#........'....
#........#####


You could see 2 electric eels.

Vanquished Creatures
  A two-headed ogre (D:8)
  Pikel (D:4)
  Sigmund (D:3)
  3 sky beasts
  An ice beast (D:6)
  An orc warrior (D:7)
  3 ogres
  A centaur (D:7)
  3 bullfrogs (D:7)
  Blork the orc (D:4)
  5 scorpions
  4 wights (D:5)
  4 crimson imps
  4 orc priests
  3 hounds
  A centaur skeleton (D:5)
  Crazy Yiuf (D:2)
  Jessica (D:3)
  3 iguanas
  Ijyb (D:2)
  6 orc wizards
  3 worker ants
  A hound skeleton (D:3)
  Robin (D:2)
  5 gnolls
  10 adders
  2 shadow imps
  An ooze (D:1)
  3 worms
  3 dart slugs
  2 leopard geckos
  43 orcs
  3 ball pythons
  2 giant cockroaches (D:1)
  12 goblins
  13 hobgoblins
  2 jackals (D:3)
  4 kobolds
  3 quokkas
  4 bats
  4 frilled lizards
  A leopard gecko zombie (D:7)
  A quokka skeleton (D:5)
  6 rats
178 creatures vanquished.

Vanquished Creatures (others)
  A goblin (D:2)
  4 toadstools (D:1)
5 creatures vanquished.

Grand Total: 183 creatures vanquished

Notes
Turn   | Place    | Note
-------+----------+-------------------------------------------
     0 | D:1      | norskknight the Minotaur Berserker began the quest for the Orb.
     0 | D:1      | Reached XP level 1. HP: 19/19 MP: 0/0
    81 | D:1      | Reached XP level 2. HP: 14/27 MP: 1/1
   659 | D:1      | Reached XP level 3. HP: 33/33 MP: 2/2
  1057 | D:2      | Noticed Robin
  1062 | D:2      | Reached ** piety under Trog
  1069 | D:2      | Killed Robin
  1072 | D:2      | Reached XP level 4. HP: 40/40 MP: 3/3
  1364 | D:2      | Found a runed door.
  1368 | D:2      | Noticed Crazy Yiuf
  1377 | D:2      | Killed Crazy Yiuf
  1515 | D:2      | Noticed Ijyb
  1525 | D:2      | Killed Ijyb
  1611 | D:3      | Reached XP level 5. HP: 47/47 MP: 4/4
  1706 | D:3      | Found a shadowy altar of Dithmenos.
  1747 | D:3      | Reached skill level 5 in Fighting
  1747 | D:3      | Reached skill level 5 in Axes
  1755 | D:3      | Reached *** piety under Trog
  1770 | D:3      | Reached XP level 6. HP: 52/56 MP: 5/5
  1807 | D:3      | Noticed Jessica
  1817 | D:3      | Killed Jessica
  2014 | D:3      | Noticed Sigmund
  2026 | D:3      | Killed Sigmund
  2026 | D:3      | Reached skill level 5 in Armour
  2026 | D:3      | Reached XP level 7. HP: 61/61 MP: 6/6
  2312 | D:3      | Found a glowing golden altar of the Shining One.
  2314 | D:3      | Reached skill level 5 in Dodging
  2316 | D:3      | Found a white marble altar of Elyvilon.
  2422 | D:3      | Found a glowing silver altar of Zin.
  2501 | D:4      | Noticed Pikel
  2514 | D:4      | Killed Pikel
  2514 | D:4      | Reached XP level 8. HP: 63/71 MP: 7/7
  2594 | D:4      | Found Fiogg's Book Shoppe.
  3009 | D:4      | Noticed Blork the orc
  3014 | D:4      | Killed Blork the orc
  3285 | D:5      | Entered Level 5 of the Dungeon
  3299 | D:5      | Gained mutation: Your movements are slightly less encumbered by armour. (ER -2) [mutagenic meat]
  3302 | D:5      | Gained mutation: You have sharp toenails. [mutagenic meat]
  3303 | D:5      | Gained mutation: Your muscles are strong. (Str +2) [mutagenic meat]
  3349 | D:5      | Reached **** piety under Trog
  3446 | D:5      | Gained mutation: Your flesh is heat resistant. (rF+) [mutagenic meat]
  3551 | D:5      | Found a staircase to the Ecumenical Temple.
  3561 | Temple   | Entered the Ecumenical Temple
  3644 | D:5      | Found a basalt altar of Yredelemnul.
  4143 | D:6      | Found a shimmering altar of Xom.
  4156 | D:6      | Found a radiant altar of Vehumet.
  4164 | D:6      | Reached XP level 9. HP: 81/81 MP: 8/8
  4454 | D:6      | Found a shadowy altar of Dithmenos.
  4762 | D:6      | Found a sparkling altar of Nemelex Xobeh.
  5033 | D:7      | Reached ***** piety under Trog
  5121 | D:7      | Found a sparkling altar of Nemelex Xobeh.
  5456 | D:8      | Noticed a two-headed ogre
  5467 | D:8      | Killed a two-headed ogre
  5751 | D:8      | Killed from afar by an electric eel

Vault maps used:
D:1:      ldierk_walled_garden_2, hangedman_decor_clover_reticule
D:2:      lemuel_old_faithful, uniq_iyjb, uniq_crazy_yiuf_cottage, uniq_robin
D:3:      good_gods_mini_temple, grunt_dithmenos_smoke_and_mirrors,
          serial_glass, glass_columns_a, glass_columns_b, uniq_jessica,
          uniq_sigmund
D:4:      serial_shops, nicolae_shop_temple_entry_statues_fountains,
          first_bread, dk_noncrumbling_4, kennysheep_generic_room_5,
          uniq_blork_the_orc, uniq_pikel
D:5:      yredelemnul_altar_generic, minmay_temple_entry_junction
D:6:      kennysheep_mini, grunt_temple_overflow_open, basic_altar
D:7:      nemelex_diamond_rough_becter
D:8:      kennysheep_little_box, the_bakery, disabler_island
Temple:   eino_wide_crystal_templ

Skill      XL: |  1  2  3  4  5  6  7  8  9 |
---------------+----------------------------+-----
Fighting       | 4 5 6 7 9 |  9.1
Armour         | 3 4 5 6 7 9 |  9.0
Axes           | 4 5 6 7 9 |  9.3
Dodging        | 3 4 5 7 8 |  8.4

Action                   |  1- 3 |  4- 6 |  7- 9 || total
-------------------------+-------+-------+-------++-------
Melee: Hand axe          |    70 |    24 |   237 ||   331
       Headbutt          |    14 |    29 |    53 ||    96
       Mace              |       |    88 |    18 ||   106
       Kick              |       |       |    48 ||    48
Invok: Berserk           |     1 |     2 |     2 ||     5
       Trog's Hand       |       |     1 |     2 ||     3
  Use: Scroll            |     3 |     1 |     5 ||     9
  Eat: Chunk             |       |     6 |    18 ||    24
Armor: Animal skin       |     2 |       |       ||     2
       Plate armour      |    38 |    81 |   135 ||   254
Dodge: Dodged            |    30 |    48 |   123 ||   201
